 Dungeon Crawl Stone Soup version 0.23.2-1-ga50397a6bc (webtiles) character file.

Game seed: 6622306005756884073

3543 Mrkan the Basher (level 10, -4/63 HPs)
             Began as a Gargoyle Monk on May 20, 2019.
             Was an Elder of Nemelex Xobeh.
             Slain by a troll (7 damage)
             ... on level 9 of the Dungeon.
             The game lasted 00:15:26 (6512 turns).

Mrkan the Basher (Gargoyle Monk)                    Turns: 6512, Time: 00:15:26

Health: -4/63      AC: 22    Str: 18    XL:     10   Next: 9%
Magic:  15/15      EV:  2    Int: 11    God:    Nemelex Xobeh [****..]
Gold:   388        SH: 14    Dex: 12    Spells: 9/9 levels left

rFire    . . .     SeeInvis .   a - +0 mace
rCold    . . .     Gourm    .   A - +0 large shield
rNeg     + . .     Faith    .   e - +0 plate armour
rPois    ∞         Spirit   .   (no helmet)
rElec    +         Reflect  .   b - scarf {cloud immunity}
rCorr    .         Harm     .   o - +2 pair of gloves
MR       .....                  (no boots)
Stlth    ..........             (no amulet)
HPRegen  0.20/turn              (no ring)
MPRegen  0.14/turn              (no ring)

@: no status effects
A: negative energy resistance 1, electricity resistance, unbreathing,
petrification resistance, rot immunity, AC +7
a: Draw Escape, Draw Destruction, Draw Summoning, Triple Draw, Deal Four,
Renounce Religion


You were on level 9 of the Dungeon.
You worshipped Nemelex Xobeh.
Nemelex Xobeh was greatly pleased with you.
You were hungry.

You visited 1 branch of the dungeon, and saw 9 of its levels.

You collected 388 gold pieces.

Inventory:

Hand Weapons
 a - a +0 mace (weapon)
Armour
 b - a scarf of cloud immunity (worn)
 e - a +0 plate armour (worn)
 o - a +2 pair of gloves (worn)
 A - a +0 large shield (worn)
Jewellery
 l - an uncursed ring of see invisible {unknown}
 y - an uncursed ring of positive energy {unknown}
 B - an uncursed amulet of the acrobat {unknown}
Wands
 n - a wand of flame (22)
 p - a wand of scattershot (4)
 z - a wand of digging (4)
Scrolls
 d - 3 scrolls of identify
 g - 3 scrolls of magic mapping
 i - 2 scrolls of random uselessness {unknown}
 j - 3 scrolls of immolation
 k - 2 scrolls of teleportation
 s - 2 scrolls of remove curse
 v - 2 scrolls of fear {unknown}
 x - 2 scrolls of amnesia
Potions
 f - 3 potions of haste
 h - a potion of mutation {unknown}
 m - a potion of cancellation {unknown}
 q - 2 potions of lignification {unknown}
 r - 3 potions of heal wounds {unknown}
 t - 2 potions of curing
 u - a potion of flight {unknown}
 w - a potion of invisibility {unknown}
Comestibles
 c - 14 rations


   Skills:
 - Level 7.2 Fighting
 * Level 10.0 Maces & Flails
 - Level 3.7 Armour
 - Level 2.4 Dodging
 - Level 2.1 Stealth
 * Level 4.9 Shields
 + Level 6.7 Invocations


You had 9 spell levels left.
You didn't know any spells.
Your spell library contained the following spells:

 Spells                   Type           Power        Failure   Level  Hunger
 Infusion                 Chrm           #...         100%        1    ##.....
 Shroud of Golubria       Chrm/Tloc      #.........   100%        2    ###....
 Song of Slaying          Chrm           #.......     100%        2    ###....
 Regeneration             Chrm/Necr      #.........   100%        3    ####...
 Spectral Weapon          Hex/Chrm       #.......     100%        3    ####...


Dungeon Overview and Level Annotations

Branches:
Dungeon (9/15)             Temple (0/1) D:5
   Lair: D:8-11         Orc: D:9-12

Altars:
Dithmenos
Elyvilon
Fedhas
Makhleb
Nemelex Xobeh
Okawaru
Sif Muna
Trog
Uskayaw
Wu Jian
Xom
The Shining One

Shops:
D:8 (

Annotations:
D:9 Pikel


Innate Abilities, Weirdness & Mutations

You are resistant to torment.
Your stone body is resilient. (AC +7)
You are immune to poison.
You resist negative energy. (rN+)
You are resistant to electric shocks. (rElec)
You can survive without breathing.
You are immune to petrification.
You are immune to rotting.


Message History

You hear a shout!
You block the howler monkey's attack.
The yak bellows!
You hear a bellow!
You block the howler monkey's attack. You block the howler monkey's attack.
The howler monkey hits you.
The howler monkey hoots and howls with incredible vigour!
You hear a shout!
You block the howler monkey's attack. You block the yak's attack.
You block the howler monkey's attack. The yak gores you but does no damage.
Pikel the Slaver comes into view.
He is wielding a +0 whip of electrocution and carrying a wand of iceblast (7).
The howler monkey hits you.
* * * LOW HITPOINT WARNING * * *
The yak gores you!
* * * LOW HITPOINT WARNING * * *
The howler monkey hits you but does no damage.
The troll bites you.
* * * LOW HITPOINT WARNING * * *
You block the troll's attack. The troll claws you!
You die...
Your body disappears without a glow.

..........# #........#
..#######.#####.######
##...........K..#
.######.####..# .# #.#
#Y.# .# #.# #.Y# #.#
#..# #.####YY###
.......T@.#
..###.P†Ph# #..._..#
#..P†)..# .......†...#
........###.#
#........ ...
#####.#.# .### #$#.#
.#


You could see Pikel, 4 yaks, a troll and a howler monkey.

Vanquished Creatures
  Psyche (D:9)
  A hungry ghost (D:8)
  3 yaks (D:9)
  An ice beast (D:5)
  An orc warrior (D:7)
  A sky beast (D:5)
  2 phantoms (D:7)
  An ogre (D:7)
  2 centaurs
  Blork the orc (D:4)
  A bullfrog (D:6)
  2 scorpions
  2 water moccasin skeletons
  5 wights
  2 howler monkeys
  A centaur zombie (D:5)
  5 crimson imps
  2 orc priests (D:7)
  3 hounds
  A bullfrog skeleton (D:6)
  An iguana (D:8)
  Natasha (twice) (D:3)
  An orc wizard (D:7)
  5 worker ants
  A killer bee zombie (D:5)
  A hound zombie (D:5)
  A hound skeleton (D:4)
  4 gnolls (D:4)
  8 adders
  An ooze (D:2)
  2 adder zombies (D:7)
  An adder skeleton (D:8)
  A worm (D:6)
  A dart slug (D:4)
  5 leopard geckos
  15 orcs
  9 bats
  3 giant cockroaches
  10 goblins
  13 hobgoblins
  2 jackals (D:7)
  7 kobolds
  3 quokkas
  3 ball pythons
  7 frilled lizards
  2 quokka skeletons
  4 rats
  A plant (D:9)
152 creatures vanquished.

Vanquished Creatures (others)
  2 yaks (D:9)
  Menkaure (D:6)
  An ogre (D:5)
  An orc wizard (D:6)
5 creatures vanquished.

Grand Total: 157 creatures vanquished

Notes
Turn   | Place    | Note
-------+----------+-------------------------------------------
     0 | D:1      | Mrkan the Gargoyle Monk began the quest for the Orb.
     0 | D:1      | Reached XP level 1. HP: 14/14 MP: 1/1
   208 | D:1      | Reached XP level 2. HP: 19/19 MP: 2/2
   410 | D:1      | Reached skill level 1 in Armour
   771 | D:2      | Reached XP level 3. HP: 20/23 MP: 3/3
   907 | D:2      | Found a sparkling altar of Nemelex Xobeh.
   928 | D:2      | Became a worshipper of Nemelex Xobeh the Trickster
   928 | D:2      | Received a gift from Nemelex Xobeh
   928 | D:2      | Reached * piety under Nemelex Xobeh
   928 | D:2      | Received a gift from Nemelex Xobeh
   928 | D:2      | Reached ** piety under Nemelex Xobeh
  1054 | D:2      | Found a faded altar of an unknown god.
  1057 | D:2      | Received a gift from Nemelex Xobeh
  1059 | D:2      | Reached skill level 4 in Maces & Flails
  1135 | D:2      | Reached XP level 4. HP: 29/29 MP: 4/4
  1385 | D:3      | Noticed Natasha
  1392 | D:3      | Killed Natasha
  1492 | D:3      | Found a glowing golden altar of the Shining One.
  1757 | D:3      | Reached XP level 5. HP: 33/33 MP: 5/5
  1837 | D:3      | Received a gift from Nemelex Xobeh
  1841 | D:3      | Reached *** piety under Nemelex Xobeh
  2025 | D:3      | Noticed Natasha
  2050 | D:3      | Killed Natasha
  2112 | D:4      | Reached skill level 1 in Invocations
  2241 | D:4      | Reached XP level 6. HP: 28/39 MP: 5/7
  2339 | D:4      | Reached skill level 5 in Maces & Flails
  2629 | D:4      | Noticed Blork the orc
  2646 | D:4      | Killed Blork the orc
  2646 | D:4      | Reached XP level 7. HP: 44/44 MP: 8/8
  2647 | D:4      | Found a deep blue altar of Sif Muna.
  2739 | D:4      | Reached skill level 5 in Fighting
  2843 | D:5      | Entered Level 5 of the Dungeon
  2955 | D:4      | Reached skill level 6 in Maces & Flails
  3127 | D:5      | Found a staircase to the Ecumenical Temple.
  3206 | D:5      | Received a gift from Nemelex Xobeh
  3308 | D:5      | Found an iron altar of Okawaru.
  3359 | D:5      | Reached XP level 8. HP: 36/50 MP: 10/10
  3474 | D:5      | Found a shimmering altar of Xom.
  3478 | D:5      | Reached **** piety under Nemelex Xobeh
  3580 | D:5      | Found an ornate altar of the Wu Jian Council.
  3670 | D:6      | Noticed Menkaure
  3677 | D:6      | Reached skill level 7 in Maces & Flails
  4336 | D:6      | Killed Menkaure
  4719 | D:6      | Found a burning altar of Makhleb.
  4850 | D:7      | Reached skill level 8 in Maces & Flails
  4894 | D:7      | Reached skill level 5 in Invocations
  5004 | D:7      | Reached XP level 9. HP: 56/56 MP: 12/12
  5049 | D:7      | Found a shadowy altar of Dithmenos.
  5087 | D:7      | Received a gift from Nemelex Xobeh
  5657 | D:7      | Found a hide-covered altar of Uskayaw.
  5918 | D:8      | Found a bloodstained altar of Trog.
  5963 | D:8      | Found a white marble altar of Elyvilon.
  5979 | D:8      | Reached skill level 1 in Shields
  6021 | D:8      | Reached skill level 9 in Maces & Flails
  6045 | D:8      | Received a gift from Nemelex Xobeh
  6110 | D:8      | Found Cygiutwi's Weapon Shoppe.
  6365 | D:9      | Received a gift from Nemelex Xobeh
  6376 | D:9      | Found a blossoming altar of Fedhas.
  6405 | D:9      | Noticed a troll
  6411 | D:9      | Noticed Psyche
  6418 | D:9      | Killed Psyche
  6418 | D:9      | Reached skill level 10 in Maces & Flails
  6418 | D:9      | Reached XP level 10. HP: 32/63 MP: 13/15
  6511 | D:9      | Noticed Pikel
  6512 | D:9      | HP: 3/63 [troll (5)]
  6512 | D:9      | Slain by a troll

Skill      XL: |  1  2  3  4  5  6  7  8  9 |
---------------+----------------------------+-----
Armour         | 1 2 3 |  3.7
Maces & Flails | 4 5 6 8 10 | 10.0
Fighting       | 4 5 6 7 |  7.2
Invocations    | 1 2 3 5 6 |  6.7
Shields        | 4 |  4.9
Dodging        | |  2.4
Stealth        | |  2.1

Action                   |  1- 3 |  4- 6 |  7- 9 | 10-12 || total
-------------------------+-------+-------+-------+-------++-------
Melee: Mace              |   134 |   266 |   567 |     7 ||   974
 Abil: Draw Destruction  |       |     3 |    20 |       ||    23
       Draw Escape       |       |       |       |     1 ||     1
  Use: Scroll            |       |       |     8 |     1 ||     9
       Potion            |       |       |       |     1 ||     1
  Eat: Chunk             |     1 |     6 |     7 |       ||    14
       Ration            |       |       |     5 |       ||     5
Armor: Plate armour      |   139 |   277 |   483 |    11 ||   910
Dodge: Dodged            |    21 |    23 |    55 |     4 ||   103
Block: Shield            |    37 |   132 |    91 |       ||   260
       Large shield      |       |       |   176 |    19 ||   195
